Penguins vs Senators

Created - February 5 2007 at 19:54

Goals
1 2 3 T
Penguins 3 0 1 4
Senators 2 0 1 3
Shots
1 2 3 T
Penguins 11 7 22 40
Senators 8 10 9 27

Period #1

1. Senators , Chris Kelly 4 (Peter Schaefer, Anton Volchenkov) at 2:29
2. Penguins , Sidney Crosby 22 (Ryan Whitney, Jason Blake) at 3:12 (PP)
3. Penguins , Sidney Crosby 23 (Colby Armstrong, Ryan Whitney) at 4:28
4. Penguins , Mark Eaton 2 (Ryan Malone, Michel Ouellet) at 6:40
5. Senators , Dany Heatley 18 (Chris Neil, Brent Seabrook) at 16:52

Penalities :
Brent Seabrook (OTT) for Delaying the game (Minor) at 2:46, Brooks Orpik (PIT) for Diving (Minor) at 8:06, Chris Neil (OTT) for Interference (Minor) at 10:51, Anton Volchenkov (OTT) for Roughing (Minor) at 13:02

Period #2

No Goal

Penalities :
Andrej Meszaros (OTT) for Roughing (Minor) at 1:39, Mark Recchi (PIT) for Tripping (Minor) at 4:51, Josef Melichar (PIT) for Diving (Minor) at 11:35, Ryan Malone (PIT) for Diving (Minor) at 13:50, Mike Fisher (OTT) for Holding (Minor) at 18:56

Period #3

6. Penguins , Ryan Malone 6 (Sergei Gonchar, Colby Armstrong) at 6:02 (PP)
7. Senators , Joffrey Lupul 13 (Dany Heatley) at 12:46 (PP)

Penalities :
Chris Phillips (OTT) for Boarding (Major) at 3:55, Colby Armstrong (PIT) for Clipping (Minor) at 11:10, Anton Volchenkov (OTT) for Holding (Minor) at 12:47, Sergei Gonchar (PIT) for Slashing (Minor) at 16:32, Chris Neil (OTT) for Diving (Minor) at 19:04

Goalie Stats

Marc-Andre Fleury (PIT), 24 saves from 27 shots - (0.889), W, 13-7-2, 60:00 minutes
Ray Emery (OTT), 36 saves from 40 shots - (0.900), L, 8-4-0, 60:00 minutes

Players Stats

Penguins
Player Name              G  A  P  +/- PIM S  H  SB FO MP 
-----------------------------------------------------------
Brooks Orpik             0  0  0   0  2   0  3  1  0  19 
Christian Backman        0  0  0  -1  0   1  0  1  0  21 
Colby Armstrong          0  2  2   1  2   3  0  0  0  14 
Jarkko Ruutu             0  0  0  -1  0   4  1  0  15 11 
Jason Blake              0  1  1  -1  0   3  0  0  18 24 
Jere Lehtinen            0  0  0   1  0   5  0  0  3  19 
Josef Melichar           0  0  0   0  2   2  1  1  0  21 
Kris Draper              0  0  0   1  0   2  0  1  19 21 
Mark Eaton               1  0  1   1  0   2  0  0  0  16 
Mark Recchi              0  0  0  -1  2   0  0  0  1  8  
Martin Lapointe          0  0  0  -1  0   0  0  0  0  8  
Michel Ouellet           0  1  1   1  0   0  0  0  2  15 
Nils Ekman               0  0  0  -1  0   5  0  0  4  17 
Ryan Malone              1  1  2   1  2   4  1  0  6  21 
Ryan Whitney             0  2  2   0  0   1  0  4  0  23 
Sergei Gonchar           0  1  1   0  2   0  1  0  0  23 
Sidney Crosby            2  0  2   0  0   8  1  0  30 24 
Tomas Surovy             0  0  0   0  0   0  0  0  0  0  
Senators
Player Name              G  A  P  +/- PIM S  H  SB FO MP 
-----------------------------------------------------------
Andrej Meszaros          0  0  0   0  2   1  1  2  0  21 
Antoine Vermette         0  0  0   0  0   2  0  0  19 15 
Anton Volchenkov         0  1  1   0  4   0  1  1  0  14 
Brent Seabrook           0  1  1   1  2   0  0  0  0  5  
Chris Kelly              1  0  1   0  0   1  0  0  19 15 
Chris Neil               0  1  1   1  4   0  0  0  0  5  
Chris Phillips           0  0  0   0  5   1  0  2  0  21 
Dan Boyle                0  0  0  -1  0   0  0  1  0  22 
Dany Heatley             1  1  2   0  0   2  0  0  17 24 
Jason Spezza             0  0  0   0  0   0  0  0  25 24 
Jay Bouwmeester          0  0  0  -1  0   1  0  0  0  21 
Joe Corvo                0  0  0   1  0   0  0  2  0  9  
Joffrey Lupul            1  0  1  -1  0   5  0  0  3  22 
Mike Cammalleri          0  0  0   0  0   5  0  0  1  15 
Mike Fisher              0  0  0   0  2   3  2  0  8  21 
Patrick Eaves            0  0  0   0  0   3  0  0  1  14 
Peter Schaefer           0  1  1   0  0   2  2  0  5  19 
Tom Preissing            0  0  0   0  0   1  0  1  0  15 

3 Stars

1 - Sidney Crosby (PIT)
2 - Ryan Malone (PIT)
3 - Dany Heatley (OTT)

Power Play

Penguins - 2 on 8 Attempt(s) - 25.00%
Senators - 1 on 6 Attempt(s) - 16.67%

Penalty Kill

Penguins - 5 on 6 Attempt(s) - 83.33% - Score 0 goal in Penalty Kill
Senators - 6 on 8 Attempt(s) - 75.00% - Score 0 goal in Penalty Kill

Game Notes

No Game Note

Finance

Level 1 -- Attendance: 5591 (93.19%) -- Ticket Income $503,190.00
Level 2 -- Attendance: 5011 (95.45%) -- Ticket Income $250,550.00
Level 3 -- Attendance: 2250 (100.00%) -- Ticket Income $78,750.00
Level 4 -- Attendance: 3763 (94.07%) -- Ticket Income $75,260.00
Luxury Box -- Attendance: 975 (97.49%) -- Ticket Income $170,625.00
Game was played at the Corel Centre
Total Attendance: 17590 (95.08%)
Total Ticket Income: $1,151,527.00
Other Income: $47,935.60
Total Income: $1,199,462.00


Play by Play

Period #1

0:01 of 1st period - Sidney Crosby wins face-off versus Dany Heatley in neutral zone.
0:12 of 1st period - Shot by Sidney Crosby.
0:12 of 1st period - Stopped by Ray Emery without a rebound.
0:13 of 1st period - Antoine Vermette wins face-off versus Jarkko Ruutu in Senators zone.
0:29 of 1st period - Mike Cammalleri is hit by Jarkko Ruutu and loses puck.
0:55 of 1st period - Shot by Jason Blake.
0:55 of 1st period - Shot Misses the Net.
1:22 of 1st period - Shot by Sidney Crosby.
1:22 of 1st period - Stopped by Ray Emery without a rebound.
1:23 of 1st period - Jason Spezza wins face-off versus Kris Draper in Senators zone.
1:36 of 1st period - Shot by Michel Ouellet.
1:36 of 1st period - Shot Misses the Net.
1:57 of 1st period - Shot by Michel Ouellet.
1:57 of 1st period - Shot Misses the Net.
1:58 of 1st period - Shot by Mark Eaton.
1:58 of 1st period - Stopped by Ray Emery without a rebound.
1:59 of 1st period - Patrick Eaves wins face-off versus Sidney Crosby in Senators zone.
2:09 of 1st period - Icing by Ryan Whitney.
2:10 of 1st period - Sidney Crosby wins face-off versus Chris Kelly in Penguins zone.
2:14 of 1st period - Martin Lapointe is hit by Peter Schaefer and loses puck.
2:26 of 1st period - Shot by Peter Schaefer.
2:26 of 1st period - Shot Misses the Net.
2:29 of 1st period - Shot by Chris Kelly.
2:29 of 1st period - Goal by Chris Kelly.
2:30 of 1st period - Jarkko Ruutu wins face-off versus Jason Spezza in neutral zone.
2:46 of 1st period - Minor Penalty to Brent Seabrook for Delaying the game.
2:47 of 1st period - Sidney Crosby wins face-off versus Mike Fisher in Senators zone.
2:48 of 1st period - Shot by Jason Blake.
2:48 of 1st period - Shot Blocked by Chris Phillips.
3:07 of 1st period - Shot by Jason Blake.
3:07 of 1st period - Shot Blocked by Dan Boyle.
3:12 of 1st period - Shot by Sidney Crosby.
3:12 of 1st period - Goal by Sidney Crosby.
3:13 of 1st period - Chris Kelly wins face-off versus Kris Draper in neutral zone.
4:05 of 1st period - Icing by Tom Preissing.
4:06 of 1st period - Chris Kelly wins face-off versus Jarkko Ruutu in Senators zone.
4:14 of 1st period - Off-side.
4:15 of 1st period - Sidney Crosby wins face-off versus Jason Spezza in neutral zone.
4:28 of 1st period - Shot by Sidney Crosby.
4:28 of 1st period - Goal by Sidney Crosby.
4:29 of 1st period - Mike Fisher wins face-off versus Jarkko Ruutu in neutral zone.
4:47 of 1st period - Off-side.
4:48 of 1st period - Sidney Crosby wins face-off versus Jason Spezza in neutral zone.
5:17 of 1st period - Shot by Joffrey Lupul.
5:17 of 1st period - Shot Misses the Net.
5:18 of 1st period - Shot by Jay Bouwmeester.
5:18 of 1st period - Stopped by Marc-Andre Fleury without a rebound.
5:19 of 1st period - Antoine Vermette wins face-off versus Michel Ouellet in Penguins zone.
5:22 of 1st period - Shot by Mike Fisher.
5:22 of 1st period - Stopped by Marc-Andre Fleury without a rebound.
5:23 of 1st period - Antoine Vermette wins face-off versus Jarkko Ruutu in Penguins zone.
5:48 of 1st period - Shot by Nils Ekman.
5:48 of 1st period - Stopped by Ray Emery without a rebound.
5:49 of 1st period - Chris Kelly wins face-off versus Kris Draper in Senators zone.
5:58 of 1st period - Shot by Patrick Eaves.
5:58 of 1st period - Shot Hit the Post.
5:59 of 1st period - Shot by Tom Preissing.
5:59 of 1st period - Stopped by Marc-Andre Fleury without a rebound.
6:00 of 1st period - Jason Spezza wins face-off versus Sidney Crosby in Penguins zone.
6:19 of 1st period - Shot by Joffrey Lupul.
6:19 of 1st period - Stopped by Marc-Andre Fleury without a rebound.
6:20 of 1st period - Kris Draper wins face-off versus Chris Kelly in Penguins zone.
6:39 of 1st period - Shot by Ryan Malone.
6:39 of 1st period - Shot Misses the Net.
6:40 of 1st period - Shot by Mark Eaton.
6:40 of 1st period - Goal by Mark Eaton.
6:41 of 1st period - Jarkko Ruutu wins face-off versus Antoine Vermette in neutral zone.
6:59 of 1st period - Jarkko Ruutu is hit by Andrej Meszaros and loses puck.
7:13 of 1st period - Shot by Jarkko Ruutu.
7:13 of 1st period - Stopped by Ray Emery without a rebound.
7:14 of 1st period - Sidney Crosby wins face-off versus Jason Spezza in Senators zone.
7:17 of 1st period - Shot by Jere Lehtinen.
7:17 of 1st period - Stopped by Ray Emery without a rebound.
7:18 of 1st period - Kris Draper wins face-off versus Jason Spezza in Senators zone.
7:19 of 1st period - Shot by Ryan Malone.
7:19 of 1st period - Shot Hit the Post.
7:25 of 1st period - Icing by Mark Eaton.
7:26 of 1st period - Chris Kelly wins face-off versus Kris Draper in Penguins zone.
8:06 of 1st period - Minor Penalty to Brooks Orpik for Diving.
8:07 of 1st period - Jason Spezza wins face-off versus Jason Blake in Penguins zone.
9:03 of 1st period - Icing by Chris Phillips.
9:04 of 1st period - Antoine Vermette wins face-off versus Sidney Crosby in Senators zone.
9:21 of 1st period - Shot by Mike Cammalleri.
9:21 of 1st period - Shot Blocked by Ryan Whitney.
9:22 of 1st period - Shot by Chris Phillips.
9:22 of 1st period - Stopped by Marc-Andre Fleury with a rebound.
9:25 of 1st period - Shot by Mike Cammalleri.
9:25 of 1st period - Shot Blocked by Ryan Whitney.
10:24 of 1st period - Shot by Nils Ekman.
10:24 of 1st period - Shot Blocked by Anton Volchenkov.
10:25 of 1st period - Shot by Jarkko Ruutu.
10:25 of 1st period - Stopped by Ray Emery without a rebound.
10:26 of 1st period - Jere Lehtinen wins face-off versus Jason Spezza in Senators zone.
10:36 of 1st period - Off-side.
10:37 of 1st period - Chris Kelly wins face-off versus Sidney Crosby in neutral zone.
10:45 of 1st period - Icing by Ryan Whitney.
10:46 of 1st period - Jason Spezza wins face-off versus Sidney Crosby in Penguins zone.
10:51 of 1st period - Shot by Dany Heatley.
10:51 of 1st period - Shot Misses the Net.
10:51 of 1st period - Minor Penalty to Chris Neil for Interference.
10:52 of 1st period - Mike Fisher wins face-off versus Jason Blake in Penguins zone.
11:18 of 1st period - Icing by Sidney Crosby.
11:19 of 1st period - Dany Heatley wins face-off versus Jason Blake in Penguins zone.
11:26 of 1st period - Shot by Andrej Meszaros.
11:26 of 1st period - Shot Blocked by Christian Backman.
11:49 of 1st period - Shot by Colby Armstrong.
11:49 of 1st period - Shot Blocked by Chris Phillips.
12:59 of 1st period - Jere Lehtinen is hit by Peter Schaefer and loses puck.
13:02 of 1st period - Minor Penalty to Anton Volchenkov for Roughing.
13:03 of 1st period - Dany Heatley wins face-off versus Jason Blake in Senators zone.
14:20 of 1st period - Shot by Kris Draper.
14:20 of 1st period - Shot Misses the Net.
14:42 of 1st period - Icing by Jarkko Ruutu.
14:43 of 1st period - Kris Draper wins face-off versus Joffrey Lupul in Penguins zone.
16:52 of 1st period - Shot by Dany Heatley.
16:52 of 1st period - Goal by Dany Heatley.
16:53 of 1st period - Antoine Vermette wins face-off versus Kris Draper in neutral zone.
17:56 of 1st period - Shot by Joffrey Lupul.
17:56 of 1st period - Stopped by Marc-Andre Fleury without a rebound.
17:57 of 1st period - Sidney Crosby wins face-off versus Jason Spezza in Penguins zone.
19:06 of 1st period - Shot by Mike Fisher.
19:06 of 1st period - Shot Misses the Net.
19:21 of 1st period - Shot by Nils Ekman.
19:21 of 1st period - Stopped by Ray Emery without a rebound.
19:22 of 1st period - Jarkko Ruutu wins face-off versus Chris Kelly in Senators zone.

Period #2

0:01 of 2nd period - Sidney Crosby wins face-off versus Jason Spezza in neutral zone.
0:12 of 2nd period - Shot by Colby Armstrong.
0:12 of 2nd period - Stopped by Ray Emery with a rebound.
0:22 of 2nd period - Jason Spezza is hit by Sergei Gonchar and loses puck.
1:39 of 2nd period - Minor Penalty to Andrej Meszaros for Roughing.
1:40 of 2nd period - Jason Blake wins face-off versus Dany Heatley in Senators zone.
2:11 of 2nd period - Shot by Jason Blake.
2:11 of 2nd period - Stopped by Ray Emery without a rebound.
2:12 of 2nd period - Jason Blake wins face-off versus Dany Heatley in Senators zone.
2:31 of 2nd period - Shot by Jason Blake.
2:31 of 2nd period - Shot Misses the Net.
2:32 of 2nd period - Shot by Josef Melichar.
2:32 of 2nd period - Stopped by Ray Emery without a rebound.
2:33 of 2nd period - Ryan Malone wins face-off versus Mike Fisher in Senators zone.
2:52 of 2nd period - Shot by Nils Ekman.
2:52 of 2nd period - Shot Misses the Net.
3:23 of 2nd period - Shot by Sidney Crosby.
3:23 of 2nd period - Stopped by Ray Emery without a rebound.
3:24 of 2nd period - Dany Heatley wins face-off versus Sidney Crosby in Senators zone.
3:30 of 2nd period - Icing by Sergei Gonchar.
3:31 of 2nd period - Mike Fisher wins face-off versus Sidney Crosby in Penguins zone.
3:49 of 2nd period - Peter Schaefer is hit by Brooks Orpik and loses puck.
3:58 of 2nd period - Peter Schaefer is hit by Brooks Orpik and loses puck.
4:26 of 2nd period - Shot by Jason Blake.
4:26 of 2nd period - Stopped by Ray Emery without a rebound.
4:27 of 2nd period - Sidney Crosby wins face-off versus Jason Spezza in Senators zone.
4:51 of 2nd period - Minor Penalty to Mark Recchi for Tripping.
4:52 of 2nd period - Antoine Vermette wins face-off versus Jason Blake in Senators zone.
5:20 of 2nd period - Jason Blake is hit by Mike Fisher and loses puck.
6:12 of 2nd period - Shot by Dany Heatley.
6:12 of 2nd period - Stopped by Marc-Andre Fleury without a rebound.
6:13 of 2nd period - Jason Blake wins face-off versus Jason Spezza in Penguins zone.
6:58 of 2nd period - Shot by Chris Kelly.
6:58 of 2nd period - Shot Misses the Net.
6:59 of 2nd period - Shot by Tom Preissing.
6:59 of 2nd period - Shot Misses the Net.
7:26 of 2nd period - Shot by Ryan Malone.
7:26 of 2nd period - Shot Misses the Net.
8:33 of 2nd period - Shot by Mike Cammalleri.
8:33 of 2nd period - Stopped by Marc-Andre Fleury without a rebound.
8:34 of 2nd period - Antoine Vermette wins face-off versus Sidney Crosby in Penguins zone.
8:42 of 2nd period - Icing by Sidney Crosby.
8:43 of 2nd period - Chris Kelly wins face-off versus Sidney Crosby in Penguins zone.
8:56 of 2nd period - Shot by Patrick Eaves.
8:56 of 2nd period - Shot Misses the Net.
8:58 of 2nd period - Icing by Mark Recchi.
8:59 of 2nd period - Sidney Crosby wins face-off versus Antoine Vermette in Penguins zone.
9:10 of 2nd period - Shot by Ryan Whitney.
9:10 of 2nd period - Shot Misses the Net.
9:19 of 2nd period - Shot by Mike Fisher.
9:19 of 2nd period - Stopped by Marc-Andre Fleury with a rebound.
9:20 of 2nd period - Shot by Antoine Vermette.
9:20 of 2nd period - Stopped by Marc-Andre Fleury without a rebound.
9:21 of 2nd period - Jarkko Ruutu wins face-off versus Jason Spezza in Penguins zone.
9:37 of 2nd period - Icing by Jay Bouwmeester.
9:38 of 2nd period - Jason Spezza wins face-off versus Jarkko Ruutu in Senators zone.
10:01 of 2nd period - Shot by Nils Ekman.
10:01 of 2nd period - Shot Misses the Net.
10:04 of 2nd period - Shot by Jason Blake.
10:04 of 2nd period - Shot Misses the Net.
10:31 of 2nd period - Shot by Antoine Vermette.
10:31 of 2nd period - Stopped by Marc-Andre Fleury without a rebound.
10:32 of 2nd period - Chris Kelly wins face-off versus Sidney Crosby in Penguins zone.
10:34 of 2nd period - Peter Schaefer is hit by Sidney Crosby and loses puck.
10:38 of 2nd period - Shot by Peter Schaefer.
10:38 of 2nd period - Stopped by Marc-Andre Fleury without a rebound.
10:39 of 2nd period - Kris Draper wins face-off versus Antoine Vermette in Penguins zone.
10:45 of 2nd period - Icing by Ryan Malone.
10:46 of 2nd period - Chris Kelly wins face-off versus Michel Ouellet in Penguins zone.
11:26 of 2nd period - Icing by Anton Volchenkov.
11:27 of 2nd period - Jarkko Ruutu wins face-off versus Chris Kelly in Senators zone.
11:28 of 2nd period - Shot by Nils Ekman.
11:28 of 2nd period - Shot Misses the Net.
11:33 of 2nd period - Shot by Peter Schaefer.
11:33 of 2nd period - Shot Misses the Net.
11:35 of 2nd period - Minor Penalty to Josef Melichar for Diving.
11:36 of 2nd period - Antoine Vermette wins face-off versus Jason Blake in Penguins zone.
12:05 of 2nd period - Shot by Antoine Vermette.
12:05 of 2nd period - Stopped by Marc-Andre Fleury with a rebound.
12:06 of 2nd period - Shot by Andrej Meszaros.
12:06 of 2nd period - Shot Misses the Net.
12:07 of 2nd period - Shot by Chris Phillips.
12:07 of 2nd period - Shot Misses the Net.
12:17 of 2nd period - Icing by Mike Cammalleri.
12:18 of 2nd period - Jason Blake wins face-off versus Antoine Vermette in Senators zone.
13:50 of 2nd period - Minor Penalty to Ryan Malone for Diving.
13:51 of 2nd period - Jason Blake wins face-off versus Antoine Vermette in Penguins zone.
15:00 of 2nd period - Shot by Jason Spezza.
15:00 of 2nd period - Shot Blocked by Josef Melichar.
15:58 of 2nd period - Off-side.
15:59 of 2nd period - Nils Ekman wins face-off versus Chris Kelly in neutral zone.
16:16 of 2nd period - Shot by Ryan Malone.
16:16 of 2nd period - Shot Blocked by Tom Preissing.
16:19 of 2nd period - Shot by Nils Ekman.
16:19 of 2nd period - Stopped by Ray Emery without a rebound.
16:20 of 2nd period - Jason Spezza wins face-off versus Jarkko Ruutu in Senators zone.
16:48 of 2nd period - Icing by Christian Backman.
16:49 of 2nd period - Chris Kelly wins face-off versus Jarkko Ruutu in Penguins zone.
16:54 of 2nd period - Shot by Peter Schaefer.
16:54 of 2nd period - Stopped by Marc-Andre Fleury with a rebound.
17:23 of 2nd period - Shot by Patrick Eaves.
17:23 of 2nd period - Stopped by Marc-Andre Fleury without a rebound.
17:24 of 2nd period - Sidney Crosby wins face-off versus Antoine Vermette in Penguins zone.
17:24 of 2nd period - Jere Lehtinen is hit by Mike Fisher and loses puck.
17:36 of 2nd period - Shot by Mike Cammalleri.
17:36 of 2nd period - Stopped by Marc-Andre Fleury without a rebound.
17:37 of 2nd period - Jason Spezza wins face-off versus Kris Draper in Penguins zone.
17:46 of 2nd period - Shot by Jason Spezza.
17:46 of 2nd period - Shot Blocked by Kris Draper.
17:47 of 2nd period - Shot by Jay Bouwmeester.
17:47 of 2nd period - Shot Hit the Post.
18:25 of 2nd period - Jason Spezza is hit by Ryan Malone and loses puck.
18:53 of 2nd period - Shot by Sidney Crosby.
18:53 of 2nd period - Stopped by Ray Emery with a rebound.
18:54 of 2nd period - Shot by Sergei Gonchar.
18:54 of 2nd period - Shot Blocked by Andrej Meszaros.
18:56 of 2nd period - Minor Penalty to Mike Fisher for Holding.
18:57 of 2nd period - Peter Schaefer wins face-off versus Sidney Crosby in Senators zone.
19:29 of 2nd period - Icing by Sergei Gonchar.
19:30 of 2nd period - Sidney Crosby wins face-off versus Peter Schaefer in Penguins zone.

Period #3

0:01 of 3rd period - Jason Blake wins face-off versus Dany Heatley in neutral zone.
0:06 of 3rd period - Shot by Colby Armstrong.
0:06 of 3rd period - Stopped by Ray Emery without a rebound.
0:07 of 3rd period - Jason Blake wins face-off versus Dany Heatley in Senators zone.
0:10 of 3rd period - Shot by Sidney Crosby.
0:10 of 3rd period - Stopped by Ray Emery without a rebound.
0:11 of 3rd period - Dany Heatley wins face-off versus Sidney Crosby in Senators zone.
1:16 of 3rd period - Shot by Kris Draper.
1:16 of 3rd period - Stopped by Ray Emery without a rebound.
1:17 of 3rd period - Antoine Vermette wins face-off versus Jason Blake in Senators zone.
1:46 of 3rd period - Shot by Jason Blake.
1:46 of 3rd period - Stopped by Ray Emery with a rebound.
1:47 of 3rd period - Shot by Christian Backman.
1:47 of 3rd period - Shot Misses the Net.
1:48 of 3rd period - Shot by Josef Melichar.
1:48 of 3rd period - Stopped by Ray Emery without a rebound.
1:49 of 3rd period - Kris Draper wins face-off versus Jason Spezza in Senators zone.
1:56 of 3rd period - Shot by Kris Draper.
1:56 of 3rd period - Shot Misses the Net.
2:14 of 3rd period - Dany Heatley is hit by Brooks Orpik and loses puck.
2:54 of 3rd period - Shot by Jere Lehtinen.
2:54 of 3rd period - Stopped by Ray Emery without a rebound.
2:55 of 3rd period - Mike Cammalleri wins face-off versus Jarkko Ruutu in Senators zone.
3:02 of 3rd period - Shot by Nils Ekman.
3:02 of 3rd period - Stopped by Ray Emery without a rebound.
3:03 of 3rd period - Sidney Crosby wins face-off versus Chris Kelly in Senators zone.
3:29 of 3rd period - Mark Recchi is hit by Anton Volchenkov and loses puck.
3:54 of 3rd period - Icing by Ryan Whitney.
3:55 of 3rd period - Sidney Crosby wins face-off versus Antoine Vermette in Penguins zone.
3:55 of 3rd period - Major Penalty to Chris Phillips for Boarding.
3:56 of 3rd period - Mike Fisher wins face-off versus Ryan Malone in Penguins zone.
4:37 of 3rd period - Shot by Jere Lehtinen.
4:37 of 3rd period - Stopped by Ray Emery without a rebound.
4:38 of 3rd period - Sidney Crosby wins face-off versus Dany Heatley in Senators zone.
4:57 of 3rd period - Shot by Sidney Crosby.
4:57 of 3rd period - Stopped by Ray Emery with a rebound.
4:58 of 3rd period - Shot by Ryan Whitney.
4:58 of 3rd period - Stopped by Ray Emery without a rebound.
4:59 of 3rd period - Joffrey Lupul wins face-off versus Nils Ekman in Senators zone.
5:58 of 3rd period - Shot by Jason Blake.
5:58 of 3rd period - Shot Misses the Net.
5:59 of 3rd period - Shot by Colby Armstrong.
5:59 of 3rd period - Shot Misses the Net.
6:02 of 3rd period - Shot by Ryan Malone.
6:02 of 3rd period - Goal by Ryan Malone.
6:03 of 3rd period - Nils Ekman wins face-off versus Dany Heatley in neutral zone.
6:16 of 3rd period - Shot by Jere Lehtinen.
6:16 of 3rd period - Stopped by Ray Emery without a rebound.
6:17 of 3rd period - Dany Heatley wins face-off versus Kris Draper in Senators zone.
7:12 of 3rd period - Shot by Jere Lehtinen.
7:12 of 3rd period - Shot Misses the Net.
7:13 of 3rd period - Shot by Jere Lehtinen.
7:13 of 3rd period - Shot Misses the Net.
7:14 of 3rd period - Shot by Christian Backman.
7:14 of 3rd period - Shot Blocked by Joe Corvo.
7:19 of 3rd period - Shot by Sidney Crosby.
7:19 of 3rd period - Stopped by Ray Emery with a rebound.
7:20 of 3rd period - Shot by Josef Melichar.
7:20 of 3rd period - Stopped by Ray Emery without a rebound.
7:21 of 3rd period - Dany Heatley wins face-off versus Ryan Malone in Senators zone.
7:36 of 3rd period - Shot by Colby Armstrong.
7:36 of 3rd period - Stopped by Ray Emery with a rebound.
7:49 of 3rd period - Shot by Colby Armstrong.
7:49 of 3rd period - Shot Blocked by Joe Corvo.
8:28 of 3rd period - Shot by Jason Blake.
8:28 of 3rd period - Stopped by Ray Emery without a rebound.
8:29 of 3rd period - Mike Fisher wins face-off versus Kris Draper in Senators zone.
8:50 of 3rd period - Shot by Kris Draper.
8:50 of 3rd period - Stopped by Ray Emery without a rebound.
8:51 of 3rd period - Ryan Malone wins face-off versus Dany Heatley in Senators zone.
8:54 of 3rd period - Shot by Ryan Malone.
8:54 of 3rd period - Stopped by Ray Emery with a rebound.
9:14 of 3rd period - Icing by Tom Preissing.
9:15 of 3rd period - Chris Kelly wins face-off versus Mark Recchi in Senators zone.
9:20 of 3rd period - Shot by Anton Volchenkov.
9:20 of 3rd period - Shot Misses the Net.
9:21 of 3rd period - Shot by Patrick Eaves.
9:21 of 3rd period - Shot Blocked by Ryan Whitney.
9:24 of 3rd period - Shot by Peter Schaefer.
9:24 of 3rd period - Stopped by Marc-Andre Fleury without a rebound.
9:25 of 3rd period - Dany Heatley wins face-off versus Jarkko Ruutu in Penguins zone.
9:28 of 3rd period - Shot by Jason Spezza.
9:28 of 3rd period - Shot Misses the Net.
9:32 of 3rd period - Icing by Nils Ekman.
9:33 of 3rd period - Antoine Vermette wins face-off versus Jarkko Ruutu in Penguins zone.
9:52 of 3rd period - Shot by Jason Blake.
9:52 of 3rd period - Shot Blocked by Andrej Meszaros.
9:53 of 3rd period - Shot by Christian Backman.
9:53 of 3rd period - Stopped by Ray Emery without a rebound.
9:54 of 3rd period - Kris Draper wins face-off versus Jason Spezza in Senators zone.
9:55 of 3rd period - Shot by Ryan Malone.
9:55 of 3rd period - Shot Misses the Net.
9:56 of 3rd period - Shot by Mark Eaton.
9:56 of 3rd period - Stopped by Ray Emery without a rebound.
9:57 of 3rd period - Kris Draper wins face-off versus Jason Spezza in Senators zone.
10:45 of 3rd period - Icing by Kris Draper.
10:46 of 3rd period - Kris Draper wins face-off versus Chris Kelly in Penguins zone.
11:10 of 3rd period - Minor Penalty to Colby Armstrong for Clipping.
11:11 of 3rd period - Jason Blake wins face-off versus Antoine Vermette in Senators zone.
11:22 of 3rd period - Shot by Mike Fisher.
11:22 of 3rd period - Shot Misses the Net.
11:23 of 3rd period - Shot by Mike Fisher.
11:23 of 3rd period - Shot Misses the Net.
11:28 of 3rd period - Shot by Mike Cammalleri.
11:28 of 3rd period - Stopped by Marc-Andre Fleury without a rebound.
11:29 of 3rd period - Antoine Vermette wins face-off versus Sidney Crosby in Penguins zone.
11:52 of 3rd period - Shot by Mike Cammalleri.
11:52 of 3rd period - Shot Misses the Net.
11:53 of 3rd period - Shot by Andrej Meszaros.
11:53 of 3rd period - Stopped by Marc-Andre Fleury with a rebound.
11:56 of 3rd period - Shot by Mike Cammalleri.
11:56 of 3rd period - Stopped by Marc-Andre Fleury with a rebound.
11:59 of 3rd period - Shot by Mike Fisher.
11:59 of 3rd period - Stopped by Marc-Andre Fleury with a rebound.
12:00 of 3rd period - Shot by Andrej Meszaros.
12:00 of 3rd period - Shot Misses the Net.
12:26 of 3rd period - Off-side.
12:27 of 3rd period - Jason Blake wins face-off versus Jason Spezza in neutral zone.
12:46 of 3rd period - Shot by Joffrey Lupul.
12:46 of 3rd period - Goal by Joffrey Lupul.
12:47 of 3rd period - Kris Draper wins face-off versus Chris Kelly in neutral zone.
12:47 of 3rd period - Minor Penalty to Anton Volchenkov for Holding.
12:48 of 3rd period - Jason Blake wins face-off versus Dany Heatley in neutral zone.
14:36 of 3rd period - Icing by Josef Melichar.
14:37 of 3rd period - Kris Draper wins face-off versus Peter Schaefer in Penguins zone.
15:00 of 3rd period - Shot by Ryan Malone.
15:00 of 3rd period - Stopped by Ray Emery without a rebound.
15:01 of 3rd period - Nils Ekman wins face-off versus Chris Kelly in Senators zone.
15:18 of 3rd period - Shot by Nils Ekman.
15:18 of 3rd period - Stopped by Ray Emery without a rebound.
15:19 of 3rd period - Jason Spezza wins face-off versus Kris Draper in Senators zone.
15:42 of 3rd period - Shot by Jason Spezza.
15:42 of 3rd period - Shot Blocked by Brooks Orpik.
16:32 of 3rd period - Minor Penalty to Sergei Gonchar for Slashing.
16:33 of 3rd period - Jason Blake wins face-off versus Peter Schaefer in neutral zone.
17:13 of 3rd period - Icing by Jay Bouwmeester.
17:14 of 3rd period - Sidney Crosby wins face-off versus Peter Schaefer in Senators zone.
17:15 of 3rd period - Shot by Nils Ekman.
17:15 of 3rd period - Shot Misses the Net.
17:46 of 3rd period - Shot by Mike Cammalleri.
17:46 of 3rd period - Shot Blocked by Ryan Whitney.
17:47 of 3rd period - Shot by Chris Phillips.
17:47 of 3rd period - Shot Misses the Net.
17:50 of 3rd period - Shot by Dany Heatley.
17:50 of 3rd period - Shot Misses the Net.
17:51 of 3rd period - Shot by Andrej Meszaros.
17:51 of 3rd period - Shot Misses the Net.
18:22 of 3rd period - Shot by Jason Spezza.
18:22 of 3rd period - Shot Misses the Net.
18:25 of 3rd period - Shot by Joffrey Lupul.
18:25 of 3rd period - Stopped by Marc-Andre Fleury without a rebound.
18:26 of 3rd period - Jason Spezza wins face-off versus Jere Lehtinen in Penguins zone.
18:49 of 3rd period - Shot by Peter Schaefer.
18:49 of 3rd period - Stopped by Marc-Andre Fleury without a rebound.
18:50 of 3rd period - Jere Lehtinen wins face-off versus Jason Spezza in Penguins zone.
19:04 of 3rd period - Minor Penalty to Chris Neil for Diving.
19:05 of 3rd period - Sidney Crosby wins face-off versus Mike Fisher in neutral zone.
19:10 of 3rd period - Shot by Sergei Gonchar.
19:10 of 3rd period - Shot Misses the Net.
19:51 of 3rd period - Shot by Dany Heatley.
19:51 of 3rd period - Stopped by Marc-Andre Fleury without a rebound.
19:52 of 3rd period - Dany Heatley wins face-off versus Ryan Malone in Penguins zone.
19:52 of 3rd period - Jason Spezza is hit by Josef Melichar and loses puck.
19:55 of 3rd period - Icing by Christian Backman.
19:56 of 3rd period - Ryan Malone wins face-off versus Joffrey Lupul in Penguins zone.


Output by the SimonT Hockey Simulator (STHS) for Stephane Roy -- Original Page W3C XHTML 1.0 Valid